 Dungeon Crawl Stone Soup version 0.30-a0-241-g1121274140 (webtiles) character file.

Game seed: 13451817644882154277

735530 ragingrage the Cloud Mage (level 27, -30/161 HPs)
             Began as a Tengu Air Elementalist on Oct 10, 2022.
             Was the Champion of Vehumet.
             Killed from afar by a Brimstone Fiend (51 damage)
             ... with damnation
             ... in Pandemonium.
             The game lasted 02:39:35 (85378 turns).

ragingrage the Cloud Mage (Tengu Air Elementalist) Turns: 85378, Time: 02:39:36

Health: -30/161    AC: 30    Str: 19    XL:     27
Magic:  39/52      EV: 23    Int: 49    God:    Vehumet [******]
Gold:   1807       SH: 22    Dex: 19    Spells: 13/74 levels left

rFire   + + .      SeeInvis +    I - +3 Elemental Staff {rElec rF++ rC++ AC+5}
rCold   + + +      Faith    .    y - +8 kite shield "Voqamud" {Str+4}
rNeg    + . .      Spirit   .    O - +1 pearl dragon scales of Happiness {rN+ Int+4}
rPois   +          Reflect  .    q - +1 hat "Senasera" {Contam rPois rC++ Stlth+}
rElec   +          Harm     .    P - scarf {repulsion}
rCorr   +          Rampage  .    n - +3 pair of gauntlets of War {Slay+5}
Will    ++++.                    (boots unavailable)
Stlth   ++........               C - amulet "Doefutzuso" {RegenMP *Slow Will+ Int+7 Dex+2}
HPRegen 0.46/turn                s - ring "Piocs" {rCorr Int+4 Dex+2 SInv}
MPRegen 0.73/turn                o - ring of Ohivapar {Contam Fly Will+ Int+9}

@: flying quickly and evasively, repel missiles, quick
A: beak, talons 3, nimble flight, frail 1, mutation resistance 1, strong 1
}: 5/15 runes: serpentine, barnacled, slimy, silver, glowing
a: Renounce Religion


You were in Pandemonium.
You worshipped Vehumet.
Vehumet was exalted by your worship.
You visited 11 branches of the dungeon, and saw 53 of its levels.
You visited Pandemonium 2 times, and saw 5 of its levels.
You visited 2 bazaars.
You also visited: Trove, Sewer, Ossuary, Ice Cave, Wizlab and Desolation.

You collected 10689 gold pieces.
You spent 8882 gold pieces at shops.

Inventory:

Hand Weapons
 I - the +3 Elemental Staff (weapon) {rElec rF++ rC++ AC+5}
   (You bought it in a shop on level 10 of the Dungeon)

   If the wielder is skilled in Evocations, they can discharge powerful blasts
   of elemental energy when striking with it.
   It enhances your fire, ice, earth and air magic.
   AC:        It affects your AC (+5).
   rF:        It greatly protects you from fire.
   rC:        It greatly protects you from cold.
   rElec:     It insulates you from electricity.
Missiles
 H - 7 throwing nets
Armour
 n - the +3 pair of gauntlets of War (worn) {Slay+5}
   (You bought it in a shop on level 2 of the Vaults)

   Slay:      It affects your accuracy & damage with ranged weapons and melee
   (+5).
 q - the +1 hat "Senasera" (worn) {Contam rPois rC++ Stlth+}
   (You found it on level 3 of the Vaults)

   rC:        It greatly protects you from cold.
   rPois:     It protects you from poison.
   Contam:    It causes magical contamination when unequipped.
   Stlth:     It makes you more stealthy.
 y - the +8 kite shield "Voqamud" (worn) {Str+4}
   (You found it on level 1 of the Depths)

   Str:       It affects your strength (+4).
 O - the +1 pearl dragon scales of Happiness (worn) {rN+ Int+4}
   (You found it in the Desolation of Salt)

   Int:       It affects your intelligence (+4).
   rN:        It protects you from negative energy.
 P - a scarf of repulsion (worn)
Jewellery
 o - the ring of Ohivapar (right hand) {Contam Fly Will+ Int+9}
   (You found it on level 3 of the Shoals)

   [ring of flight]

   Int:       It affects your intelligence (+9).
   Fly:       It grants you flight.
   Contam:    It causes magical contamination when unequipped.
   Will:      It increases your willpower.
 s - the ring "Piocs" (left hand) {rCorr Int+4 Dex+2 SInv}
   (You took it off a deep elf sorcerer on level 3 of the Elven Halls)

   [ring of see invisible]

   Int:       It affects your intelligence (+4).
   Dex:       It affects your dexterity (+2).
   SInv:      It lets you see invisible.
   rCorr:     It protects you from acid and corrosion.
 C - the amulet "Doefutzuso" (around neck) {RegenMP *Slow Will+ Int+7 Dex+2}
   (You found it in a treasure trove)

   [amulet of magic regeneration]

   It increases your rate of magic regeneration.
   Int:       It affects your intelligence (+7).
   Dex:       It affects your dexterity (+2).
   *Slow:     It may slow you when you take damage.
   Will:      It increases your willpower.
 N - the ring of Lies {rElec Will+ AC+4 Int+4}
   (You took it off a deep elf sorcerer on level 3 of the Elven Halls)

   [ring of protection]

   AC:        It affects your AC (+4).
   Int:       It affects your intelligence (+4).
   rElec:     It insulates you from electricity.
   Will:      It increases your willpower.
Wands
 e - a wand of paralysis (68)
 k - a wand of roots (11)
 r - a wand of polymorph (9)
 K - a wand of quicksilver (15)
 T - a wand of mindburst (46)
 U - a wand of flame (106)
Scrolls
 a - 5 scrolls of summoning
 b - 5 scrolls of magic mapping
 c - 5 scrolls of enchant weapon
 u - 7 scrolls of fog
 w - 20 scrolls of blinking
 x - 33 scrolls of teleportation
 B - 5 scrolls of enchant armour
 J - 8 scrolls of amnesia
 V - 5 scrolls of poison
 W - 6 scrolls of noise
 X - 7 scrolls of vulnerability
 Z - 11 scrolls of fear
Potions
 d - 35 potions of curing
 f - 7 potions of magic
 g - 12 potions of haste
 h - 10 potions of lignification
 j - 25 potions of heal wounds
 l - 8 potions of mutation
 p - 13 potions of might
 t - 11 potions of invisibility
 v - 11 potions of brilliance
 D - 6 potions of ambrosia
 F - 8 potions of attraction
 G - 4 potions of berserk rage
 L - 6 potions of cancellation
 R - 5 potions of resistance
Miscellaneous
 i - a phantom mirror
 m - a tin of tremorstones (2/2)
 z - a lightning rod (4/4)
 A - a box of beasts
 M - a condenser vane
 S - a phial of floods


   Skills:
 - Level 20.0 Fighting
 - Level 12.0 Staves
 - Level 20.0 Armour
 - Level 18.0 Dodging
 - Level 2.0 Stealth
 - Level 15.0 Shields
 - Level 24.0 Spellcasting
 - Level 24.0 Conjurations
 + Level 8.0 Necromancy
 - Level 3.0 Translocations
 + Level 6.1 Transmutations
 - Level 24.0 Air Magic
 - Level 14.0 Evocations


You had 13 spell levels left.
You knew the following spells:

 Your Spells              Type           Power      Damage    Failure   Level
a - Chain Lightning       Conj/Air       82%        3d109     1%          9
b - Wereblood             Tmut           87%        N/A       1%          2
c - Swiftness             Air            100%       N/A       0%          3
d - Airstrike             Air            82%        2d(12-28) 0%          4
e - Stone Arrow           Conj/Erth      100%       3d13      0%          3
f - Arcjolt               Conj/Air       82%        1d92      0%          5
g - Irradiate             Conj/Tmut      58%        3d31      1%          5
h - Lightning Bolt        Conj/Air       82%        1d109     0%          5
i - Blink                 Tloc           100%       N/A       1%          2
j - Sublimation of Blood  Necr           95%        N/A       1%          2
k - Iskenderun's Battles  Conj           100%       2d15      0%          5
l - Maxwell's Capacitive  Air            82%        ∞         1%          8
m - Necromutation         Tmut/Necr      45%        N/A       97%         8

Your spell library contained the following spells:

 Spells                   Type           Power      Damage    Failure   Level
 Foxfire                  Conj/Fire      100%       2x1d9     0%          1
 Kiss of Death            Conj/Necr      100%       2d13      0%          1
 Magic Dart               Conj           100%       1d8       0%          1
 Shock                    Conj/Air       100%       1d9       0%          1
 Cigotuvi's Dreadful Rot  Necr/Pois/Air  100%       N/A       0%          2
 Momentum Strike          Conj/Tloc      100%       3d10      0%          2
 Poisonous Vapours        Pois/Air       100%       N/A       0%          2
 Searing Ray              Conj           100%       2d8       0%          2
 Static Discharge         Conj/Air       100%       2-7/arc   0%          2
 Dazzling Flash           Conj/Hex       100%       N/A       0%          3
 Hailstorm                Conj/Ice       100%       3d20      0%          3
 Mephitic Cloud           Conj/Pois/Air  100%       N/A       0%          3
 Vhi's Electric Charge    Tloc/Air       100%       N/A       0%          3
 Conjure Ball Lightning   Conj/Air       82%        3x3d31    0%          6
 Apportation              Tloc           100%       N/A       1%          1
 Beastly Appendage        Tmut           100%       N/A       1%          1
 Necrotise                Necr           100%       1d9       1%          1
 Sandblast                Erth           100%       2d20      1%          1
 Sting                    Tmut/Pois      100%       1d8       1%          1
 Summon Small Mammal      Summ           100%       N/A       1%          1
 Call Imp                 Summ           56%        N/A       1%          2
 Ensorcelled Hibernation  Hex/Ice        100%       N/A       1%          2
 Passwall                 Tmut/Erth      77%        N/A       1%          2
 Scorch                   Fire           100%       2d10      1%          2
 Frozen Ramparts          Ice            100%       1d16      1%          3
 Gell's Gravitas          Tloc           73%        N/A       1%          3
 Kindle Blastsparks       Fire/Tloc/Air  100%       2d18      1%          3
 Lesser Beckoning         Tloc           100%       N/A       1%          3
 Portal Projectile        Hex/Tloc       100%       N/A       1%          3
 Spider Form              Tmut/Pois      73%        N/A       1%          3
 Teleport Other           Tloc           73%        N/A       1%          3
 Anguish                  Hex/Necr       39%        N/A       1%          4
 Animate Dead             Necr           95%        N/A       1%          4
 Dispel Undead            Necr           95%        3d30      1%          4
 Flame Wave               Conj/Fire      100%       2d21      1%          4
 Fulminant Prism          Conj/Hex       54%        3d23      1%          4
 Iskenderun's Mystic Bla  Conj/Tloc      100%       2d19      1%          4
 Sticky Flame             Conj/Fire      100%       2d11      1%          4
 Summon Lightning Spire   Summ/Air       100%       N/A       1%          4
 Blade Hands              Tmut           43%        N/A       1%          5
 Fireball                 Conj/Fire      66%        3d25      1%          5
 Freezing Cloud           Conj/Ice/Air   85%        6-21      1%          5
 Silence                  Hex/Air        66%        N/A       1%          5
 Yara's Violent Unravell  Hex/Tmut       36%        3d15      1%          5
 Starburst                Conj/Fire      66%        6d17      1%          6
 Orb of Destruction       Conj           69%        9d16      1%          7
 Spellforged Servitor     Conj/Summ      54%        N/A       1%          7
 Storm Form               Tmut/Air       71%        N/A       1%          7
 Confusing Touch          Hex            56%        N/A       2%          3
 Ozocubu's Armour         Ice            73%        N/A       2%          3
 Summon Guardian Golem    Hex/Summ       56%        N/A       2%          3
 Tukima's Dance           Hex            56%        N/A       2%          3
 Ice Form                 Ice/Tmut       93%        N/A       2%          4
 Manifold Assault         Tloc           73%        N/A       2%          4
 Olgreb's Toxic Radiance  Pois           56%        N/A       2%          4
 Petrify                  Tmut/Erth      93%        N/A       2%          4
 Borgnjor's Vile Clutch   Necr/Erth      49%        N/A       4%          5
 Death Channel            Necr           47%        N/A       4%          6
 Alistair's Intoxication  Tmut/Pois      48%        N/A       7%          5
 Animate Armour           Summ/Erth      100%       N/A       9%          4
 Cause Fear               Hex            28%        N/A       9%          4
 Summon Ice Beast         Ice/Summ       73%        N/A       9%          4
 Lehudib's Crystal Spear  Conj/Erth      66%        10d15     11%         8
 Summon Forest            Summ/Tloc      32%        N/A       13%         5
 Metabolic Englaciation   Hex/Ice        36%        N/A       24%         5
 Simulacrum               Ice/Necr       49%        N/A       26%         6
 Dispersal                Tloc           36%        N/A       36%         6
 Dragon Form              Tmut           43%        N/A       52%         7
 Summon Cactus Giant      Summ           28%        N/A       78%         6
 Fire Storm               Conj/Fire      66%        8d17      80%         9
 Borgnjor's Revivificati  Necr           47%        N/A       91%         8
 Enfeeble                 Hex            28%        N/A       100%        7
 Disjunction              Tloc           36%        N/A       100%        8
 Death's Door             Necr           47%        N/A       100%        9
 Dragon's Call            Summ           28%        N/A       100%        9
 Polar Vortex             Ice            36%        N/A       100%        9
 Shatter                  Erth           36%        3d29*     100%        9


Dungeon Overview and Level Annotations

Branches:
Dungeon (15/15)            Temple (1/1) D:4            Lair (5/5) D:11
 Shoals (4/4) Lair:3        Snake (4/4) Lair:3        Slime (5/5) Lair:5
    Orc (2/2) D:10            Elf (3/3) Orc:2        Vaults (5/5) D:14
  Crypt (0/3) Vaults:2     Depths (4/4) D:15            Zot (5/5) Depths:4
  Sewer (visited)         Ossuary (visited)           IceCv (visited)
 WizLab (visited)         Desolation (visited)

Altars:
Ashenzari
Cheibriados
Dithmenos
Elyvilon
Fedhas
Gozag
Hepliaklqana
Kikubaaqudgha
Makhleb
Nemelex Xobeh
Okawaru
Qazlal
Ru
Sif Muna
Trog
Uskayaw
Vehumet
Wu Jian
Xom
Yredelemnul
Zin
The Shining One
Jiyva

Shops:
D:8 =   D:10 ([[!*   Orc:2 ?[?=   Elf:1 *   Shoals:1 (   Shoals:2 ?   Snake:1 (
Snake:3 *:[   Vaults:2 !*[   Vaults:5 ?!?[*[*?

Portals:
Hell: Depths:1 Depths:2 Depths:3 Depths:4
Abyss: Lair:5 Depths:1 Depths:2 Depths:3
Pandemonium: Depths:2
Ziggurat: Depths:3

Annotations:
D:1 exclusion: downstairs
D:3 2 transporters, superpeng's ghost, amateur MiFi
D:4 exclusion: hobgoblin, Sigmund
D:6 exclusion: scorpion, Eustachio
D:7 exclusion: upstairs
D:12 exclusion: 2 downstairs
Lair:5 2 transporters, lunkers's ghost, journeyman MeWn
Shoals:1 exclusion: 2 downstairs
Orc:1 exclusion: downstairs
Elf:2 3 runed translucent doors
Zot:1 exclusion: downstairs


Innate Abilities, Weirdness & Mutations

You have a beak for a mouth.
You have claws for feet.
Your magical nature lets you fly swiftly and evasively.
You are frail. (-10% HP)
You are somewhat resistant to further mutation.
Your muscles are strong. (Str +4, Int/Dex -1)


Message History

You claw the demonic crawler, but do no damage.
You peck the demonic crawler.
The demonic crawler is moderately wounded.
You block the demonic crawler's attack. x2
The demonic crawler closely misses you.
The demonic crawler shrieks in warning!
You hear a roar!
A Brimstone Fiend comes into view.
The Brimstone Fiend roars!
The demonic crawler barely misses you. You block the demonic crawler's attack.
The demonic crawler misses you. The Brimstone Fiend gestures at you.
The sphere of damnation explodes!
The damnation engulfs you!!!
The damnation engulfs the demonic crawler!!
Unknown command.
The demonic crawler attacks as you move away!
The demonic crawler barely misses you. You block the demonic crawler's attack.
The demonic crawler closely misses you.
The demonic crawler shrieks in warning!
Casting: Maxwell's Capacitive Coupling (mildly dangerous; 1% risk of failure)
Confirm with . or Enter, or press ? or * to list all spells.
You feel a surge of power! Lightning arcs from your hands!
The bolt of lightning hits the demonic crawler!!!!
The demonic crawler resists.
You kill the demonic crawler!
Vehumet accepts your kill.
You feel your power returning. The bolt of lightning hits you! You resist.
You hear a shout!
The Brimstone Fiend gestures at you.
The sphere of damnation explodes!
The damnation engulfs you!!
* * * LOW HITPOINT WARNING * * *
Casting: Chain Lightning (dangerous; 1% risk of failure)
Confirm with . or Enter, or press ? or * to list all spells.
You feel a surge of power! Lightning arcs from your hands!
The bolt of lightning hits the Brimstone Fiend!!!!
The Brimstone Fiend is almost dead.
You hear a shout!
The Brimstone Fiend gestures at you.
The sphere of damnation explodes!
The damnation engulfs you!!!
You die...

....................#
######.......####....
#.......# #....
#....1..# #....
###.......# #....
#....###### ####.
#....# #. #....# #.
####@...#### #.
..............# ##
...........)..#
..............##
...............#######
.#########...X.......##
#.....§........
#..≈.≈§§§≈.≈...
#...≈.≈.§§≈.).#


You could see a Brimstone Fiend and a large abomination.

Vanquished Creatures
  the Royal Jelly (Slime:5)
  3 pandemonium lords (Pan)
  Mnoleg (Pan)
  5 dread liches
  2 ancient liches
  4 orbs of fire
  The ghost of Iusername the Axe Maniac, a veteran MiFi of Jiyva (Zot:5)
  The ghost of Sobieck the Intangible, a legendary KoGl of Uskayaw (Zot:1)
  The ghost of Hynwimna the Slayer, a veteran MiGl of Okawaru (Elf:3)
  Parghit (Zot:1)
  9 Killer Klowns
  Bai Suzhen (Shoals:3)
  Margery (Vaults:4)
  5 curse toes
  A caustic shrike (Depths:1)
  10 golden dragons
  The ghost of Lidodu the Tortoise, an adept DDFi of Makhleb (Depths:2)
  the Enchantress (Depths:2)
  3 Brimstone Fiends (Pan)
  A Tzitzimitl (Pan)
  Zenata (Vaults:3)
  2 Hell Sentinels (Pan)
  6 electric golems
  2 Ice Fiends (Pan)
  23 tentacled monstrosities
  A lich (Depths:4)
  A walking crystal tome (Depths:3)
  Asterion (Depths:2)
  3 walking earthen tomes
  25 Orb Guardians (Zot:5)
  4 deep elf blademasters (Elf:3)
  8 quicksilver dragons
  3 titans
  2 deep elf master archers (Elf:3)
  2 Executioners (Pan)
  14 acid blobs
  10 death cobs
  5 sphinxes
  A kraken (Shoals:3)
  An ancient champion (WizLab)
  2 thorn hunters (Depths:2)
  22 storm dragons
  8 shadow dragons
  15 nagarajas
  Donald (Snake:1)
  9 tengu reavers
  A daeva (Pan)
  5 draconian monks
  12 rockslimes
  7 azure jellies
  7 fire giants
  5 draconian knights
  12 frost giants
  12 cacodemons (Pan)
  15 vault wardens
  5 deep elf sorcerers (Elf:3)
  3 iron dragons
  An imperial myrmidon (Desolation)
  3 ghost moths
  Aizul (Snake:1)
  2 balrugs (Pan)
  6 draconian scorchers
  4 angels (Zot:1)
  7 draconian shifters
  17 ironbound preservers
  9 draconian stormcallers
  A demonspawn corrupter (Pan)
  30 very ugly things
  3 deep elf elementalists (Elf:3)
  3 orc warlords
  4 draconian annihilators
  19 stone giants
  2 spriggan defenders (Depths:2)
  2 demonspawn blood saints (Pan)
  6 war gargoyles
  2 reapers (Depths:2)
  9 ironbound thunderhulks
  13 quicksilver oozes
  9 green draconians
  An eleionoma (Depths:2)
  2 lorocyprocas (Pan)
  2 vampire knights
  5 deep elf demonologists
  12 red draconians
  4 black draconians
  3 deep elf annihilators
  6 yellow draconians
  5 white draconians
  7 demonspawn black suns (Pan)
  6 spark wasps
  A halazid warlock (Desolation)
  16 dire elephants
  16 purple draconians
  Snorg (D:13)
  3 minotaurs (Shoals:4)
  9 ettins
  4 green deaths (Pan)
  9 fire dragons
  4 crystal guardians
  14 deep elf death magi
  10 ragged hierophants (Desolation)
  5 blizzard demons
  A merfolk javelineer (Depths:4)
  Josephine (Lair:4)
  An entropy weaver (shapeshifter) (Vaults:5)
  8 deep elf high priests
  A merfolk impaler (Shoals:4)
  13 great orbs of eyes
  34 vault guards
  6 rakshasas
  A quicksilver dragon skeleton (Depths:2)
  2 salamander tyrants (Snake:4)
  5 servants of whispers (Desolation)
  12 yaktaur captains
  11 ice dragons
  13 peacekeepers
  Erolcha (D:13)
  3 hell beasts
  6 spriggan air magi
  4 ogre magi
  An anaconda (shapeshifter) (Vaults:2)
  10 ironbound frosthearts
  A catoblepas (Lair:5)
  4 hydras
  18 centaur warriors
  A boulder beetle (shapeshifter) (Elf:3)
  14 dancing weapons
  17 satyrs
  15 two-headed ogres
  11 boulder beetles
  19 naga warriors
  4 alligator snapping turtles
  2 merfolk aquamancers
  8 anacondas
  9 death yaks
  6 deep troll shamans
  8 tengu warriors
  5 deep troll earth magi
  2 vampire magi
  13 naga sharpshooters
  2 spriggan berserkers (Depths:2)
  8 shock serpents
  Nergalle (Lair:1)
  7 hell knights
  14 deep elf knights
  9 soul eaters (Pan)
  Amaemon (Lair:1)
  7 sixfirhies (Pan)
  17 sun demons
  10 skeletal warriors
  A shadow wraith (Vaults:2)
  A titan skeleton (Vaults:4)
  2 iron trolls (Depths:1)
  14 large abominations (Pan)
  4 salamander mystics
  A goliath frog (shapeshifter) (Elf:2)
  A spark wasp zombie (Depths:2)
  19 sea snakes
  A glowing orange brain (shapeshifter) (Vaults:3)
  45 deep trolls
  A steelbarb worm (shapeshifter) (D:13)
  6 glowing orange brains
  6 naga ritualists
  10 wizards
  A swamp dragon (Lair:5)
  2 harpies (shapeshifter) (Vaults:5)
  13 lindwurms
  6 phantasmal warriors (Vaults:5)
  9 deep elf archers
  42 harpies
  30 deep elf zephyrmancers
  21 ironbound convokers
  20 deep elf pyromancers
  A frost giant zombie (Depths:2)
  A faun (shapeshifter) (Vaults:5)
  11 mana vipers
  11 necromancers
  A mana viper (shapeshifter) (Vaults:5)
  An oklob plant (Shoals:1)
  9 orc knights
  A stone giant zombie (Vaults:4)
  7 cyclopes
  31 fauns
  5 shining eyes
  4 orc sorcerers
  42 ugly things
  A salamander (shapeshifter) (Elf:3)
  A cyclops (shapeshifter) (Depths:2)
  6 elephants (Lair:3)
  24 manticores
  8 apocalypse crabs (Zot:3)
  29 moths of wrath
  6 merfolk sirens
  16 salamanders
  12 guardian serpents
  2 ice statues (IceCv)
  14 vault sentinels
  A fire giant skeleton (Vaults:3)
  5 water nymphs
  8 eyes of devastation
  A rust devil (Pan)
  2 black mambas (shapeshifter)
  11 smoke demons (Pan)
  3 molten gargoyles (Desolation)
  2 gargoyles
  2 torpor snails
  A torpor snail (shapeshifter) (Vaults:5)
  39 black mambas
  A cane toad (shapeshifter) (Zot:1)
  17 naga magi
  8 orange demons
  A hellion (Depths:1)
  A komodo dragon (shapeshifter) (Vaults:5)
  3 demonic crawlers (Pan)
  13 cane toads
  3 unseen horrors
  17 komodo dragons
  Psyche (D:11)
  A centaur skeleton (D:15)
  14 rime drakes
  33 yaktaurs
  3 freezing wraiths
  2 tormentors (Pan)
  3 efreet
  A tengu conjurer (D:13)
  A hellwing (Depths:2)
  A troll (shapeshifter) (Elf:3)
  A yaktaur skeleton (Vaults:4)
  A harpy zombie (D:15)
  14 trolls
  21 merfolk
  13 polar bears
  13 blink frogs
  A wolf spider simulacrum (D:14)
  60 saltlings (Desolation)
  A hornet (D:11)
  Grinder (D:6)
  101 slime creatures
  7 raiju (Lair:5)
  5 snapping turtles
  3 dream sheep (Shoals:1)
  7 wind drakes
  A stone giant simulacrum (Vaults:4)
  6 air elementals
  2 ettin skeletons (Vaults:2)
  48 yaks
  4 vampires (WizLab)
  A shadow (D:12)
  An elf zombie (Vaults:2)
  4 wyverns
  2 centaur simulacra (D:15)
  15 water elementals
  8 wraiths
  7 ynoxinuls (Pan)
  5 basilisks
  2 fire elementals
  A redback (shapeshifter) (Depths:3)
  4 steam dragons
  3 two-headed ogre zombies (WizLab)
  20 vampire mosquitoes
  20 golden eyes
  13 neqoxecs (Pan)
  15 chaos spawn
  Menkaure (D:6)
  3 acid dragons
  41 nagas
  2 glowing shapeshifter zombies
  9 wargs
  10 hell hounds (Lair:5)
  13 water moccasins
  A swamp drake (Lair:5)
  5 floating eyes
  A floating eye (shapeshifter) (Elf:2)
  An ogre skeleton (Vaults:3)
  29 orc warriors
  A glowing shapeshifter skeleton (Vaults:3)
  A sky beast (D:6)
  A meliai simulacrum (D:15)
  An ettin simulacrum (Vaults:2)
  An ice beast (D:7)
  14 black bears
  27 ogres
  A wolf (shapeshifter) (D:13)
  3 boggarts (D:15)
  30 wolves
  2 centaurs (D:13)
  A phantom (D:6)
  13 bullfrogs
  A gnoll sergeant (D:10)
  3 earth elementals
  3 scorpions
  2 human skeletons
  8 wights
  3 lindwurm simulacra (IceCv)
  11 troll zombies (WizLab)
  4 killer bees (D:11)
  6 howler monkeys
  5 electric eels
  4 komodo dragon simulacra (IceCv)
  2 centaur zombies
  2 hounds
  21 jellies
  A gnoll bouda (D:8)
  12 orc priests
  3 human zombies
  Jessica (D:2)
  4 iguanas (Lair:5)
  Natasha (thrice) (D:2)
  Terence (D:3)
  21 orc wizards
  5 ogre zombies (WizLab)
  2 mummies (Ossuary)
  A howler monkey zombie (D:11)
  8 acid dragon simulacra (IceCv)
  12 gnolls
  3 river rats (Sewer)
  13 adders
  2 shadow imps (D:6)
  6 steam dragon simulacra (IceCv)
  3 adder zombies (Ossuary)
  6 worms
  2 dart slugs (D:3)
  84 orcs
  10 ball pythons
  9 bats
  16 endoplasms
  7 giant cockroaches
  11 goblins
  10 hobgoblins
  2 jackals (D:1)
  4 quokkas
  6 frilled lizards
  2 goblin zombies (Ossuary)
  7 hobgoblin zombies (Ossuary)
  2 jackal zombies (Ossuary)
  10 kobolds
  8 kobold zombies (Ossuary)
  11 orc zombies (Ossuary)
  5 rats
  A rat zombie (Ossuary)
  3 butterflies (Zot:1)
  2 pillars of salt (Zot:1)
  2 plants
  3 tentacles (Shoals:3)
2715 creatures vanquished.

Vanquished Creatures (collateral kills)
  2 tentacled monstrosities (Pan)
  A shadow dragon (Vaults:5)
  2 cacodemons (Pan)
  A blizzard demon (Pan)
  An ettin (Vaults:5)
  A necromancer (Vaults:5)
  A cane toad (Lair:5)
  4 orange demons (Pan)
  A chaos spawn (Pan)
  A neqoxec (Pan)
  A water moccasin (Lair:1)
16 creatures vanquished.

Vanquished Creatures (others)
  A large abomination (Pan)
  A neqoxec (Pan)
  27 fungi
  2 pillars of salt
  253 plants
  A tentacle (Shoals:3)
  3 withered plants
288 creatures vanquished.

Grand Total: 3019 creatures vanquished

Notes
Turn   | Place    | Note
-------+----------+-------------------------------------------
     0 | D:1      | ragingrage the Tengu Air Elementalist began the quest for
                  | the Orb.
     0 | D:1      | Reached XP level 1. HP: 10/10 MP: 4/4
   337 | D:1      | Reached XP level 2. HP: 15/15 MP: 4/6
   502 | D:1      | Learned a level 2 spell: Static Discharge
   602 | D:1      | Reached XP level 3. HP: 19/19 MP: 0/7
   672 | D:1      | Learned a level 3 spell: Swiftness
  1777 | D:2      | Reached skill level 5 in Air Magic
  1777 | D:2      | Reached XP level 4. HP: 20/24 MP: 4/9
  2374 | D:2      | Noticed Jessica
  2390 | D:2      | Killed Jessica
  2391 | D:2      | Gained mutation: Your magical nature lets you fly swiftly
                  | and evasively. [Tengu growth]
  2391 | D:2      | Reached XP level 5. HP: 28/28 MP: 6/10
  2453 | D:2      | Learned a level 4 spell: Airstrike
  2483 | D:2      | Noticed Natasha
  2488 | D:2      | Killed Natasha
  2664 | D:2      | Noticed Natasha
  2684 | D:2      | Killed Natasha
  2721 | D:2      | Noticed Natasha
  2732 | D:2      | Killed Natasha
  2733 | D:2      | Reached XP level 6. HP: 32/32 MP: 9/12
  2852 | D:2      | Identified the +0 plate armour of Buosom {rF+ MP+9}
  3135 | D:3      | Found a hazy altar of Hepliaklqana.
  3343 | D:3      | Found a transporter.
  3689 | D:3      | Reached skill level 5 in Conjurations
  3920 | D:3      | Found a transporter.
  3920 | D:3      | Noticed superpeng's ghost (amateur MiFi)
  3922 | D:3      | Noticed Terence
  3945 | D:3      | Killed Terence
  4295 | D:4      | Reached XP level 7. HP: 36/36 MP: 12/14
  4635 | D:4      | Found a staircase to the Ecumenical Temple.
  4737 | Temple   | Entered the Ecumenical Temple
  4783 | Temple   | Became a worshipper of Vehumet
  5141 | D:4      | Found a shimmering altar of Xom.
  5295 | D:4      | Noticed Sigmund
  5334 | D:5      | Entered Level 5 of the Dungeon
  5552 | D:5      | Found a glowing drain.
  5628 | Sewer    | Entered a sewer
  5769 | Sewer    | Reached * piety under Vehumet
  5769 | Sewer    | Offered knowledge of Freeze by Vehumet.
  5857 | Sewer    | Reached XP level 8. HP: 41/41 MP: 4/15
  6077 | Sewer    | Found a viscous altar of Jiyva.
  6754 | D:5      | Found a sparkling altar of Nemelex Xobeh.
  7025 | D:6      | Reached skill level 5 in Spellcasting
  7047 | D:6      | Noticed Eustachio
  7214 | D:6      | Noticed Grinder
  7275 | D:6      | Reached skill level 1 in Fighting
  7275 | D:6      | Reached skill level 1 in Armour
  7322 | D:6      | Found a stormy altar of Qazlal.
  7322 | D:6      | Noticed a yak
  7337 | D:6      | Killed a yak
  7496 | D:6      | Reached XP level 9. HP: 39/48 MP: 2/18
  7504 | D:6      | Found a shadowy altar of Dithmenos.
  7867 | D:6      | Killed Grinder
  8075 | D:6      | Noticed Menkaure
  8080 | D:6      | Reached ** piety under Vehumet
  8080 | D:6      | Offered knowledge of Foxfire by Vehumet.
  8081 | D:6      | Killed Menkaure
  8082 | D:6      | Reached skill level 10 in Air Magic
  8301 | D:6      | You are sucked into a shaft and drop 3 floors!
  8473 | D:9      | Noticed a troll
  8512 | D:9      | Killed a troll
  8691 | D:8      | Reached skill level 5 in Dodging
  8875 | D:8      | Found a sand-covered staircase.
  8882 | Ossuary  | Entered an ossuary
  8951 | Ossuary  | Offered knowledge of Stone Arrow by Vehumet.
  8960 | Ossuary  | Learned a level 3 spell: Stone Arrow
  9017 | Ossuary  | Reached *** piety under Vehumet
  9033 | Ossuary  | Offered knowledge of Inner Flame by Vehumet.
  9458 | D:8      | Found Deelutuk's Jewellery Boutique.
  9515 | D:8      | Reached XP level 10. HP: 58/58 MP: 12/20
 10595 | D:7      | Found a stormy altar of Qazlal.
 10848 | D:9      | Noticed a cyclops
 10857 | D:9      | Killed a cyclops
 10858 | D:9      | Reached skill level 5 in Fighting
 11036 | D:9      | Found an iron altar of Okawaru.
 11105 | D:9      | Reached **** piety under Vehumet
 11307 | D:10     | Entered Level 10 of the Dungeon
 11307 | D:10     | Found Tilexeit's General Store.
 11310 | D:10     | Bought a potion of degeneration for 16 gold pieces
 11373 | D:10     | Noticed a two-headed ogre
 11379 | D:10     | Killed a two-headed ogre
 11411 | D:10     | Learned a level 5 spell: Arcjolt
 11417 | D:10     | Learned a level 5 spell: Irradiate
 11637 | D:10     | Found Ostrewi's Distillery.
 11795 | D:10     | Killed an unseen horror
 11888 | D:10     | Found Zevy's Armour Emporium.
 11902 | D:10     | Found a staircase to the Orcish Mines.
 11955 | D:10     | Found Golamim's Antique Armour Shoppe.
 12196 | D:10     | Found Huhigor's Weapon Emporium.
 12199 | D:10     | Offered knowledge of Sticky Flame by Vehumet.
 12692 | D:11     | Reached XP level 11. HP: 63/63 MP: 23/23
 13096 | D:11     | Noticed a boulder beetle
 13242 | D:11     | Killed a boulder beetle
 13243 | D:11     | Reached skill level 10 in Conjurations
 13583 | D:11     | Found a basalt altar of Yredelemnul.
 13801 | D:11     | Noticed Psyche
 13804 | D:11     | Killed Psyche
 13883 | D:11     | Found a staircase to the Lair.
 14768 | D:12     | Noticed a boulder beetle
 14782 | D:12     | Killed a boulder beetle
 14943 | D:12     | Noticed a two-headed ogre
 14947 | D:12     | Killed a two-headed ogre
 15112 | D:12     | Noticed a boulder beetle
 15188 | D:12     | Reached XP level 12. HP: 48/69 MP: 19/25
 15262 | D:12     | Noticed a boulder beetle
 15428 | D:12     | Killed a boulder beetle
 16074 | D:12     | Noticed a two-headed ogre
 16077 | D:12     | Killed a two-headed ogre
 16085 | D:12     | Learned a level 5 spell: Lightning Bolt
 16424 | D:12     | Killed a boulder beetle
 16599 | D:13     | Noticed a centaur warrior
 16724 | D:13     | Noticed a centaur warrior
 16729 | D:13     | Noticed a centaur warrior
 16842 | D:13     | Reached skill level 15 in Air Magic
 17042 | Orc:1    | Entered Level 1 of the Orcish Mines
 17133 | Orc:1    | Found an iron altar of Okawaru.
 17385 | Orc:1    | Reached ***** piety under Vehumet
 17452 | Orc:2    | Entered Level 2 of the Orcish Mines
 17456 | Orc:2    | Offered knowledge of Iskenderun's Mystic Blast by Vehumet.
 17565 | Orc:2    | Noticed an ogre mage
 17570 | Orc:2    | Noticed an ogre mage
 17795 | Orc:2    | Noticed a two-headed ogre
 17818 | Orc:1    | Reached skill level 10 in Dodging
 17991 | Lair:1   | Entered Level 1 of the Lair of Beasts
 18344 | Lair:1   | Noticed Amaemon
 18617 | Lair:1   | Killed Amaemon
 18709 | Lair:1   | Reached XP level 13. HP: 76/76 MP: 27/27
 19759 | Lair:1   | Noticed Nergalle
 19764 | Lair:1   | Killed Nergalle
 20320 | Lair:2   | Reached skill level 1 in Shields
 20393 | Lair:2   | Found a frozen archway.
 20689 | IceCv    | Entered an ice cave
 21446 | IceCv    | Noticed a white draconian
 21451 | IceCv    | Killed a white draconian
 21849 | Lair:2   | Offered knowledge of Freezing Cloud by Vehumet.
 22684 | Lair:3   | Reached skill level 10 in Spellcasting
 22939 | D:10     | Bought the +3 Elemental Staff {rElec rF++ rC++ AC+5} for
                  | 1384 gold pieces
 22939 | D:10     | Found the +3 Elemental Staff {rElec rF++ rC++ AC+5}
 23253 | Lair:3   | Reached XP level 14. HP: 79/84 MP: 25/29
 23542 | Lair:3   | Found a staircase to the Snake Pit.
 23797 | Lair:3   | Found a staircase to the Shoals.
 24503 | Lair:3   | Found a runed translucent door.
 24726 | Lair:3   | Identified the +11 sling of Compulsion {vorpal, rElec}
 24859 | Lair:4   | Learned a level 2 spell: Blink
 24912 | Lair:4   | Noticed Josephine
 24918 | Lair:4   | Killed Josephine
 25895 | Lair:5   | Entered Level 5 of the Lair of Beasts
 26111 | Lair:5   | Reached skill level 1 in Translocations
 26111 | Lair:5   | Reached skill level 1 in Evocations
 26813 | Lair:5   | Reached skill level 5 in Shields
 27154 | Lair:5   | Reached XP level 15. HP: 41/90 MP: 5/30
 27515 | Lair:5   | Found a staircase to the Slime Pits.
 27671 | Lair:5   | Found a one-way gate to the infinite horrors of the Abyss.
 27671 | Lair:5   | Noticed lunkers's ghost (journeyman MeWn)
 27726 | Lair:5   | Found a transporter.
 27752 | Lair:5   | Reached ****** piety under Vehumet
 28196 | Lair:5   | Offered knowledge of Ozocubu's Refrigeration by Vehumet.
 28205 | Lair:5   | Learned a level 2 spell: Sublimation of Blood
 28514 | Lair:5   | Found a transporter.
 29701 | D:10     | Bought a potion of haste for 150 gold pieces
 29701 | D:10     | Bought 2 potions of heal wounds for 150 gold pieces
 29774 | Orc:2    | Found Zanedaa's Antique Armour Emporium.
 29789 | Orc:2    | Offered knowledge of Starburst by Vehumet.
 29979 | Orc:2    | Found Rithuomy's Jewellery Boutique.
 29999 | Orc:2    | Found Reodoh's Magic Scroll Boutique.
 30010 | Orc:2    | Bought a scroll of fear for 60 gold pieces
 30010 | Orc:2    | Bought a scroll of blinking for 112 gold pieces
 30012 | Orc:2    | Found Uxtedel's Magic Scroll Shop.
 30088 | Orc:2    | Bought a scroll of fog for 40 gold pieces
 30088 | Orc:2    | Bought a scroll of blinking for 75 gold pieces
 30196 | Orc:2    | Found a staircase to the Elven Halls.
 30799 | Orc:1    | Noticed an orc warlord
 30807 | Orc:1    | Reached skill level 10 in Fighting
 30808 | Orc:1    | Killed an orc warlord
 31281 | D:13     | Noticed Snorg
 31948 | D:13     | Reached skill level 5 in Evocations
 31980 | D:13     | Got the Catalogue of Formation
 32021 | D:13     | Reached skill level 15 in Conjurations
 32024 | D:13     | Reached XP level 16. HP: 97/97 MP: 24/32
 32191 | D:13     | Killed Snorg
 32194 | D:13     | Noticed Erolcha
 32339 | D:13     | Killed Erolcha
 33037 | D:14     | Offered knowledge of Conjure Ball Lightning by Vehumet.
 33340 | D:14     | Found a gate to the Vaults.
 33577 | D:14     | Found a portal to a secret trove of treasure.
 33750 | D:14     | You paid a toll of +2 gold dragon scales to enter a
                  | treasure trove
 33751 | Trove    | Entered a treasure trove
 33769 | Trove    | Identified the +7 quick blade of Harmony {vamp, Dex+6}
 33797 | Trove    | Identified the amulet "Doefutzuso" {RegenMP *Slow Will+
                  | Int+7 Dex+2}
 33879 | D:14     | Reached XP level 17. HP: 102/102 MP: 33/33
 34104 | D:14     | Found a broken altar of Ashenzari.
 34267 | D:15     | Entered Level 15 of the Dungeon
 34283 | D:15     | Reached skill level 5 in Armour
 34329 | D:15     | Found a flickering gateway to a bazaar.
 34368 | Bazaar   | Entered a bazaar
 34368 | Bazaar   | Found Pyirux's Book Shoppe.
 34380 | Bazaar   | Found Pioqiuwn's Antique Armour Boutique.
 34383 | Bazaar   | Found Bextil's Magic Scroll Emporium.
 34385 | Bazaar   | Bought a twisted robe for 91 gold pieces
 34385 | Bazaar   | Identified the +1 robe "Ynuti" {+Blink rF+} (You bought it
                  | in a shop in a bazaar)
 34392 | Bazaar   | Bought a scroll of teleportation for 33 gold pieces
 34392 | Bazaar   | Bought a scroll of magic mapping for 82 gold pieces
 34427 | Bazaar   | Found Kena's Antique Weapon Shop.
 34432 | Bazaar   | Bought a dazzling broad axe for 189 gold pieces
 34432 | Bazaar   | Identified the +6 broad axe of Contumacious Guilt {speed,
                  | rPois} (You bought it in a shop in a bazaar)
 34873 | D:15     | Found a staircase to the Depths.
 35385 | Snake:1  | Entered Level 1 of the Snake Pit
 35585 | Snake:1  | Noticed Aizul
 35596 | Snake:1  | Killed Aizul
 35998 | Snake:1  | Noticed Donald
 36002 | Snake:1  | Killed Donald
 36072 | Snake:1  | Found Vekha's Antique Weapon Boutique.
 37072 | Snake:2  | Reached XP level 18. HP: 107/107 MP: 10/35
 37438 | Snake:2  | Offered knowledge of Iskenderun's Battlesphere by Vehumet.
 37447 | Snake:1  | Learned a level 5 spell: Iskenderun's Battlesphere
 38665 | Snake:3  | Reached skill level 15 in Dodging
 38984 | Snake:3  | Found Duthur's Antique Armour Shop.
 38986 | Snake:3  | Found Maafonk's Book Boutique.
 38989 | Snake:3  | Found Owkumah's General Store.
 38993 | Snake:3  | Bought an embroidered scarf for 248 gold pieces
 39004 | Snake:3  | Bought a transparent robe for 176 gold pieces
 39004 | Snake:3  | Identified the +3 robe "Bohuac" {rC++ Int+6} (You bought it
                  | in a shop on level 3 of the Snake Pit)
 39184 | Snake:3  | Offered knowledge of Eringya's Noxious Bog by Vehumet.
 39704 | Snake:4  | Entered Level 4 of the Snake Pit
 40676 | Snake:4  | Reached XP level 19. HP: 112/112 MP: 37/37
 41178 | Snake:4  | Offered knowledge of Fire Storm by Vehumet.
 41178 | Snake:4  | Offered knowledge of Chain Lightning by Vehumet.
 41178 | Snake:4  | Offered knowledge of Polar Vortex by Vehumet.
 41243 | Snake:4  | Learned a level 9 spell: Chain Lightning
 41403 | Snake:4  | Got a serpentine rune of Zot
 41533 | Snake:4  | Reached skill level 10 in Shields
 41702 | Shoals:1 | Entered Level 1 of the Shoals
 41948 | Shoals:1 | Found Doerues's Antique Weapon Shop.
 42777 | Shoals:2 | Found Tonot's Magic Scroll Emporium.
 43458 | Shoals:2 | Bought a scroll of teleportation for 63 gold pieces
 43458 | Shoals:2 | Bought a scroll of teleportation for 63 gold pieces
 43458 | Shoals:2 | Bought a scroll of teleportation for 63 gold pieces
 44509 | Shoals:3 | Identified the ring of Ohivapar {Contam Fly Will+ Int+9}
 44525 | Shoals:3 | Noticed Bai Suzhen
 44688 | Shoals:3 | Killed Bai Suzhen
 45320 | Shoals:4 | Entered Level 4 of the Shoals
 45329 | Shoals:4 | Reached XP level 20. HP: 96/121 MP: 26/38
 46195 | Shoals:4 | Got a barnacled rune of Zot
 46362 | Shoals:4 | Identified the +4 ring mail "Adiyxiva" {*Slow rC- rN+
                  | Int+9}
 46908 | Vaults:1 | Entered Level 1 of the Vaults
 48483 | Vaults:2 | Reached XP level 21. HP: 117/129 MP: 26/40
 48611 | Vaults:2 | Found a staircase to the Crypt.
 48672 | Vaults:2 | Found Ziafuwn's Armour Emporium.
 48872 | Vaults:2 | Bought the +3 pair of gauntlets of War {Slay+5} for 570
                  | gold pieces
 48872 | Vaults:2 | Found the +3 pair of gauntlets of War {Slay+5}
 49017 | Vaults:2 | Reached skill level 1 in Staves
 49028 | Vaults:2 | Reached skill level 10 in Armour
 49265 | Vaults:2 | Found Moreu's Distillery.
 49796 | Vaults:2 | Found Ubol's Assorted Antiques.
 49947 | Vaults:3 | Noticed Zenata
 49952 | Vaults:3 | Killed Zenata
 50216 | Vaults:3 | Found a crumbling gateway.
 50257 | Desolati | Entered the Desolation of Salt
 50301 | Desolati | Reached skill level 10 in Evocations
 50392 | Desolati | Identified the +2 chain mail of Dishonour {Int+5}
 50422 | Desolati | Reached skill level 5 in Staves
 50443 | Desolati | Reached XP level 22. HP: 42/137 MP: 33/41
 50897 | Desolati | Got the Papyrus of Unholy Arts and the Wind
 50903 | Desolati | Identified the +1 leather armour of the Meadowlark {Harm
                  | *Slow rPois MP+9}
 50922 | Desolati | Identified the +1 robe of Quantum Leap {rF+}
 51006 | Desolati | Got Quruties's Parchment of Conjuration
 51046 | Desolati | Identified the +16 plate armour "Ymis" {Drain rPois Str+4}
 51052 | Desolati | Identified the amulet "Quatuk Finli" {Spirit Regen+}
 51055 | Desolati | Got the Quarto of Transmuted Vapour
 51062 | Desolati | Identified the +1 pearl dragon scales of Happiness {rN+
                  | Int+4}
 51067 | Desolati | Identified the +0 scale mail of Bedevilment {rF++ Str+4}
 51799 | Vaults:3 | Identified the +1 ring mail "Wauwk" {+Blink}
 51996 | Vaults:3 | Identified the +1 hat "Senasera" {Contam rPois rC++ Stlth+}
 54028 | Vaults:4 | Noticed Margery
 54036 | Vaults:4 | Killed Margery
 54037 | Vaults:4 | Reached skill level 15 in Fighting
 54846 | Elf:1    | Entered Level 1 of the Elven Halls
 54964 | Elf:1    | Found Biraur's General Store.
 54973 | Elf:1    | Bought a scroll of amnesia for 52 gold pieces
 55080 | Elf:1    | Reached XP level 23. HP: 139/144 MP: 42/42
 56582 | Elf:2    | Paralysed by an air elemental for 1 turns
 56742 | Elf:2    | Reached skill level 15 in Armour
 56962 | Elf:2    | Found a runed translucent gate.
 56962 | Elf:2    | Found a runed translucent gate.
 56962 | Elf:2    | Found a runed translucent gate.
 57066 | Elf:3    | Entered Level 3 of the Elven Halls
 57101 | Elf:3    | Paralysed by an air elemental for 1 turns
 57106 | Elf:3    | Found a flickering gateway to a bazaar.
 57124 | Bazaar   | Entered a bazaar
 57124 | Bazaar   | Found Zothror's Antique Weapon Shoppe.
 57147 | Bazaar   | Found Aqoo's General Store.
 57155 | Bazaar   | Bought 2 scrolls of teleportation for 96 gold pieces
 57155 | Bazaar   | Bought 2 potions of invisibility for 256 gold pieces
 57157 | Bazaar   | Found Yckodo Baegh's Distillery.
 57170 | Bazaar   | Found Rudgh's Distillery.
 57175 | Bazaar   | Bought a potion of heal wounds for 50 gold pieces
 57175 | Bazaar   | Bought a potion of curing for 30 gold pieces
 57175 | Bazaar   | Bought a potion of curing for 30 gold pieces
 57175 | Bazaar   | Bought a potion of curing for 30 gold pieces
 57183 | Bazaar   | Bought 2 potions of brilliance for 88 gold pieces
 57183 | Bazaar   | Bought a potion of brilliance for 44 gold pieces
 57183 | Bazaar   | Bought 3 potions of brilliance for 132 gold pieces
 57183 | Bazaar   | Bought a potion of magic for 88 gold pieces
 57573 | Elf:3    | Noticed Hynwimna's ghost (veteran MiGl)
 57583 | Elf:3    | Found a runed translucent door.
 57997 | Elf:3    | Killed Hynwimna's ghost
 58876 | Elf:3    | Identified the +1 flail "Surierghysi" {vorpal, rN+++ Str+3
                  | Int-2 Stlth-}
 59088 | Elf:3    | Identified the +5 short sword of Hodemuet {venom, rPois
                  | Str-3 Int+6 Dex-5 Stlth+}
 59108 | Elf:3    | Identified the +3 war axe of Yntoemuosu {elec, SInv}
 59108 | Elf:3    | Identified the ring of Lies {rElec Will+ AC+4 Int+4}
 59112 | Elf:3    | Identified a scroll of acquirement
 59182 | Elf:3    | Acquired 487 gold pieces
 59207 | Elf:3    | Identified the +4 battleaxe of Extremism {pain, rPois}
 59207 | Elf:3    | Identified the ring "Piocs" {rCorr Int+4 Dex+2 SInv}
 59385 | Elf:3    | Identified the +4 ring mail of Kleptomania {Slay+3}
 59399 | Elf:3    | Got the Incunable of Weather
 59412 | Elf:3    | Got the Handbook of Meteoric Combat Magic
 59695 | D:10     | Bought a potion of experience for 800 gold pieces
 59851 | Depths:1 | Entered Level 1 of the Depths
 60039 | Depths:1 | Reached skill level 10 in Staves
 60153 | Depths:1 | Noticed a caustic shrike
 60159 | Depths:1 | Killed a caustic shrike
 60271 | Depths:1 | Reached XP level 24. HP: 141/151 MP: 33/42
 60420 | Depths:1 | Reached skill level 15 in Spellcasting
 60512 | Depths:1 | Identified the +8 kite shield "Voqamud" {Str+4}
 60871 | Depths:1 | Found a gateway to Hell.
 61710 | Depths:2 | Found a magical portal.
 61718 | WizLab   | Entered Zonguldrok's Shrine
 61951 | WizLab   | Noticed an antique lich
 61954 | WizLab   | Killed an antique lich
 61956 | WizLab   | Found the +9 sword of Zonguldrok {reap}
 62629 | Depths:2 | Noticed Asterion
 62633 | Depths:2 | Killed Asterion
 62836 | Depths:2 | Identified the +10 morningstar of Lies {drain, Dex+3}
 63061 | Depths:2 | Noticed the Enchantress
 63065 | Depths:2 | Killed the Enchantress
 63281 | Depths:2 | Found a one-way gate leading to the halls of Pandemonium.
 63401 | Depths:2 | Found a runed translucent door.
 63402 | Depths:2 | Found a shimmering altar of Xom.
 63402 | Depths:2 | Noticed Lidodu's ghost (adept DDFi)
 63402 | Depths:2 | Identified the +5 scimitar of Dishonour {chaos, rF+ rN+
                  | Dex+2}
 63692 | Depths:3 | Found a one-way gateway to a ziggurat.
 64066 | Depths:3 | Reached XP level 25. HP: 157/157 MP: 33/43
 64905 | Depths:4 | Entered Level 4 of the Depths
 65631 | Depths:4 | Found a bloodstained altar of Trog.
 65735 | Depths:4 | Found a gate to the Realm of Zot.
 66250 | Depths:4 | Found an ancient bone altar of Kikubaaqudgha.
 66723 | Slime:1  | Entered Level 1 of the Pits of Slime
 66723 | Slime:1  | Found a viscous altar of Jiyva.
 67831 | Slime:5  | Entered Level 5 of the Pits of Slime
 68538 | Slime:5  | Noticed the Royal Jelly
 68541 | Slime:5  | Killed the Royal Jelly
 68542 | Slime:5  | Reached XP level 26. HP: 165/165 MP: 33/44
 68555 | Slime:5  | Gained mutation: You are frail. (-10% HP) [a shining eye]
 68666 | Slime:5  | Identified the ring of Kuvou {rElec rCorr Str+4 Int-2 Dex+4
                  | Stlth+}
 68710 | Slime:5  | Got a slimy rune of Zot
 68735 | Slime:5  | Identified the +3 scale mail of Egalitarianism {rElec
                  | Will+++ Str-5 Int-3}
 68757 | Slime:5  | Identified the +3 leather armour "Juckuoq" {*Slow Int+4
                  | SInv}
 69546 | Vaults:4 | Reached XP level 27. HP: 153/153 MP: 44/45
 69548 | Vaults:5 | Entered Level 5 of the Vaults
 69557 | Vaults:5 | Reached skill level 15 in Shields
 69580 | Vaults:5 | Noticed a dread lich
 69583 | Vaults:5 | Killed a dread lich
 70384 | Vaults:5 | Got a silver rune of Zot
 70387 | Vaults:5 | Found Builen's Antique Armour Shoppe.
 70392 | Vaults:5 | Bought a jewelled chain mail for 408 gold pieces
 70392 | Vaults:5 | Identified the +0 chain mail of Niomamuz {Stlth+} (You
                  | bought it in a shop on level 5 of the Vaults)
 70392 | Vaults:5 | Bought a pair of dazzling gloves for 408 gold pieces
 70392 | Vaults:5 | Identified the +1 pair of gloves of Valiance {Str+4 Stlth+}
                  | (You bought it in a shop on level 5 of the Vaults)
 70392 | Vaults:5 | Bought a pair of glimmering gloves for 408 gold pieces
 70392 | Vaults:5 | Identified the +1 pair of gloves of Gel Xuos {rF+++ rC++
                  | Str-3 Int-5} (You bought it in a shop on level 5 of the
                  | Vaults)
 70555 | Vaults:5 | Found Tikoduul's Assorted Antiques.
 70616 | Vaults:5 | Bought a scroll of teleportation for 81 gold pieces
 70616 | Vaults:5 | Bought a potion of cancellation for 216 gold pieces
 70730 | Vaults:5 | Found Casiunoi's Magic Scroll Emporium.
 70736 | Vaults:5 | Bought a scroll of fear for 64 gold pieces
 70736 | Vaults:5 | Bought a scroll of fear for 64 gold pieces
 70738 | Vaults:5 | Found Biam's General Store.
 70739 | Vaults:5 | Found Ifaj's Antique Armour Boutique.
 70743 | Vaults:5 | Bought a potion of haste for 120 gold pieces
 70743 | Vaults:5 | Bought a potion of magic for 96 gold pieces
 71109 | Vaults:5 | Found Oluymacs's Magic Scroll Boutique.
 71114 | Vaults:5 | Bought a scroll of blinking for 165 gold pieces
 71114 | Vaults:5 | Bought a scroll of summoning for 209 gold pieces
 71118 | Vaults:5 | Found Imnuvv Huitz's Distillery.
 71122 | Vaults:5 | Bought 2 potions of heal wounds for 190 gold pieces
 71122 | Vaults:5 | Bought a potion of mutation for 152 gold pieces
 71122 | Vaults:5 | Bought a potion of mutation for 152 gold pieces
 71132 | Vaults:5 | Found Vupret's Magic Scroll Boutique.
 71137 | Vaults:5 | Lost mutation: You are frail. (-10% HP) [potion of
                  | mutation]
 71137 | Vaults:5 | Gained mutation: Your system is resistant to poisons.
                  | (rPois) [potion of mutation]
 71137 | Vaults:5 | Gained mutation: You sometimes lose your temper in combat.
                  | [potion of mutation]
 71137 | Vaults:5 | Gained mutation: You are partially covered in iridescent
                  | scales. (AC +2) [potion of mutation]
 71364 | Vaults:5 | Noticed a dread lich
 71367 | Vaults:5 | Killed a dread lich
 71449 | Vaults:5 | Learned a level 2 spell: Wereblood
 71449 | Vaults:5 | Lost mutation: You sometimes lose your temper in combat.
                  | [potion of mutation]
 71449 | Vaults:5 | Lost mutation: Your system is resistant to poisons. (rPois)
                  | [potion of mutation]
 71449 | Vaults:5 | Gained mutation: You expend magic power (3 MP) to
                  | strengthen your wands. [potion of mutation]
 71449 | Vaults:5 | Gained mutation: You are agile. (Dex +4, Str/Int -1)
                  | [potion of mutation]
 71449 | Vaults:5 | Gained mutation: Your muscles are strong. (Str +4, Int/Dex
                  | -1) [potion of mutation]
 71776 | Zot:1    | Entered Level 1 of the Realm of Zot
 72520 | Zot:1    | Noticed Parghit
 72542 | Zot:1    | Killed Parghit
 72961 | Zot:1    | Found a runed translucent door.
 72962 | Zot:1    | Noticed Sobieck's ghost (legendary KoGl)
 72962 | Zot:1    | Found the +4 Cigotuvi's embrace {rMiasma Drain rN+}
 72993 | Zot:1    | Found a shimmering altar of Xom.
 72994 | Zot:1    | Found a shimmering altar of Xom.
 72994 | Zot:1    | Found a glowing silver altar of Zin.
 73378 | Zot:1    | Found a shimmering altar of Xom.
 73467 | Zot:1    | Killed Sobieck's ghost
 73543 | Zot:2    | Noticed an orb of fire
 73547 | Zot:2    | Killed an orb of fire
 77616 | Zot:4    | Noticed an orb of fire
 77618 | Zot:4    | Gained mutation: You are occasionally teleported next to
                  | monsters. [an orb of fire]
 77625 | Zot:3    | Lost mutation: Your muscles are strong. (Str +4, Int/Dex
                  | -1) [an orb of fire]
 77642 | Zot:2    | Lost mutation: You expend magic power (3 MP) to strengthen
                  | your wands. [potion of mutation]
 77642 | Zot:2    | Lost mutation: You are agile. (Dex +4, Str/Int -1) [potion
                  | of mutation]
 77642 | Zot:2    | Gained mutation: You are clumsy. (Dex -2) [potion of
                  | mutation]
 77644 | Zot:2    | Lost mutation: You are occasionally teleported next to
                  | monsters. [potion of mutation]
 77644 | Zot:2    | Lost mutation: You are clumsy. (Dex -2) [potion of
                  | mutation]
 77644 | Zot:2    | Lost mutation: You are partially covered in iridescent
                  | scales. (AC +2) [potion of mutation]
 77644 | Zot:2    | Gained mutation: Your muscles are strong. (Str +4, Int/Dex
                  | -1) [potion of mutation]
 77644 | Zot:2    | Gained mutation: You are frail. (-10% HP) [potion of
                  | mutation]
 77644 | Zot:2    | Gained mutation: You are somewhat resistant to further
                  | mutation. [potion of mutation]
 78513 | Zot:3    | Killed an orb of fire
 79501 | Zot:5    | Entered Level 5 of the Realm of Zot
 79687 | Zot:5    | Found a runed translucent gate.
 79688 | Zot:5    | Found a runed translucent gate.
 79689 | Zot:5    | Found a runed translucent gate.
 79691 | Zot:5    | Noticed Iusername's ghost (veteran MiFi)
 80207 | Zot:5    | Acquired a book of the Sky
 80218 | Zot:5    | Learned a level 8 spell: Maxwell's Capacitive Coupling
 80259 | Zot:5    | Noticed an orb of fire
 80271 | Zot:5    | Killed an orb of fire
 80296 | Zot:5    | Noticed an orb of fire
 80300 | Zot:5    | Killed an orb of fire
 80400 | Zot:5    | Noticed a dread lich
 80403 | Zot:5    | Killed a dread lich
 80419 | Zot:5    | Noticed a dread lich
 80423 | Zot:5    | Killed a dread lich
 80768 | Zot:5    | Identified the +4 battleaxe of Calun {elec, Str+2 Int+3
                  | Stlth+}
 81218 | Zot:5    | Noticed a dread lich
 81219 | Zot:5    | Killed a dread lich
 81325 | Zot:5    | Noticed an ancient lich
 81329 | Zot:5    | Killed an ancient lich
 81585 | Zot:5    | Killed Iusername's ghost
 81649 | Zot:5    | Got the Discourse on Incendiary Intoxication
 82164 | Snake:3  | Bought a Necronomicon for 672 gold pieces
 82164 | Snake:3  | Bought a book of Minor Magic for 216 gold pieces
 82173 | Snake:3  | Learned a level 8 spell: Necromutation
 82596 | Pan      | Entered the realm of Mnoleg.
 82596 | Pan      | Entered Pandemonium
 82613 | Pan      | Reached skill level 1 in Necromancy
 82651 | Pan      | Reached skill level 1 in Transmutations
 82706 | Pan      | Found an exit through the horrors of the Abyss.
 83245 | Pan      | Noticed Mnoleg
 83248 | Pan      | Killed Mnoleg
 83272 | Pan      | Identified the amulet "Xurevik" {Acrobat +Inv rC+}
 83304 | Pan      | Got a glowing rune of Zot
 83498 | Pan      | Noticed Jiunosh the pandemonium lord
 83503 | Pan      | Killed Jiunosh the pandemonium lord
 83504 | Pan      | Reached skill level 5 in Necromancy
 83872 | Depths:2 | Escaped Pandemonium
 83943 | Depths:2 | Killed Lidodu's ghost
 84068 | Pan      | Entered Pandemonium
 84515 | Pan      | Noticed Revuodotto the pandemonium lord
 84519 | Pan      | Killed Revuodotto the pandemonium lord
 84647 | Pan      | Reached skill level 5 in Transmutations
 84956 | Pan      | Noticed Foda the pandemonium lord
 84959 | Pan      | Killed Foda the pandemonium lord
 85378 | Pan      | Killed from afar by a Brimstone Fiend

Illustrated notes

Levels and vault maps discovered:
D:1:      eino_arrival_tree_alley, layout_basic, minmay_shallow_snake_nest
D:2:      layout_loops_ring, uniq_natasha, uniq_jessica
D:3:      layout_rooms, nicolae_hepliaklqana_hazy_memory,
          gammafunk_ghost_gnarly_gnolls, kennysheep_generic_room_13,
          uniq_terence
D:4:      layout_loops_ring, general_overflow_altar,
          minmay_temple_entry_gardened_gates, minmay_misc_feat_iff, uniq_sigmund
D:5:      layout_basic, nemelex_diamond_rough_becter,
          cheibrodos_sewer_entry_bend
D:6:      layout_rooms, dreamdust_princess_bridge, hangedman_feature_mirror,
          uniq_grinder, uniq_eustachio, uniq_menkaure
D:7:      layout_gridville, grunt_qazlal_clouds,
          nicolae_concentric_dashed_squares_wild, corner_web_ring
D:8:      layout_loops_corners, serial_shops, shop, chequers_ossuary_entry_cave
D:9:      layout_basic, amcnicky_altar_gilded
D:10:     layout_basic, orc_0_dummy, serial_shops, nicolae_shop_behind_doors,
          nicolae_stop_n_shop_2, shop, nicolae_shop_crystal,
          nicolae_lakefront_shop
D:11:     layout_basic, erik_lair_dragon, lemuel_zombie_altar_yredelemnul,
          uniq_psyche
D:12:     layout_layer_cave
D:13:     minmay_the_grid_four_pointed_star_mashed
          [minmay_the_grid_triangle_9x9_zippers_vertical,
          minmay_the_grid_triangle_9x9_minimal,
          minmay_the_grid_triangle_9x9_semitri,
          minmay_the_grid_triangle_9x9_intruding_spiral,
          minmay_the_grid_prize_four_corners_diamond_b], layout_small_grid,
          uniq_erolcha, uniq_snorg
D:14:     layout_grid_maze, erik_vaults_1, enter_trove_6, minmay_misc_feat_x,
          nicolae_ashenzari_skybound
D:15:     grunt_enter_depths_magical_seal, layout_rooms, serial_shops,
          bzr_entry_dummy, st_stairs_8
Temple:   minmay_temple_bridge_d
Lair:1:   layout_big_grid, st_stairs_9, grunt_megastairs_4,
          infiniplex_staircase_pool_2, uniq_nergalle, uniq_amaemon
Lair:2:   layout_chaotic_city, portal_ice_cave_rime, lemuel_fruit_tree,
          grunt_megastairs_5
Lair:3:   layout_big_grid, minmay_shoals_entry_beasts,
          guppyfry_snake_entry_garden, pf_torpor_hydra, lemuel_fruit_fields
Lair:4:   layout_loops_ring, cheibrodos_lair_lostbears, serial_bayou_shore_b,
          serial_bayou_shore_b, uniq_josephine
Lair:5:   hangedman_lair_caniforms_friends, layout_long_grid,
          guppyfry_lair_end_dragon, minmay_slime_entry_jelly_boxes,
          gammafunk_ghost_abyssal_escape
Shoals:1: layout_shoals, serial_shops, nicolae_shop_window_shopping,
          dpeg_stationary_puzzle
Shoals:2: layout_shoals, serial_shops,
          nicolae_shop_temple_entry_statues_fountains
Shoals:3: layout_shoals, nicolae_shoals_dead_sea_scrolls, uniq_bai_suzhen
Shoals:4: shoals_end_hellmonk_lost_city
Snake:1:  layout_layer_cave, serial_shops, shop, serial_bayou,
          serial_bayou_pond_b, serial_bayou_pond_c, serial_bayou_pond_c,
          serial_bayou_pond_d, st_stairs_12, uniq_aizul, uniq_donald
Snake:2:  layout_rooms
Snake:3:  layout_layer_cave, grunt_megastairs_2, serial_bayou_shore_a,
          minmay_shop_star
Snake:4:  grunt_snake_rune_spirals, layout_onion, grunt_ministairs_8
Slime:1:  layout_caves, basic_altar
Slime:2:  layout_caves
Slime:3:  layout_caves
Slime:4:  layout_caves
Slime:5
Orc:1:    layout_caves, okawaru_metal_pillars_3
Orc:2:    st_orc_open, layout_caves, library_closet
Elf:1:    layout_gridlike, serial_shops, shop, minmay_elf_sorcery
Elf:2:    elven_hall_of_blades_hangedman_original
          [nicolae_blade_entry_antechamber], layout_geoelf_grid, uniq_louise
Elf:3:    minmay_elf_hall_circle, layout_geoelf_castle, serial_shops,
          bzr_entry_customers, hellmonk_ghost_happy_afterlife
Vaults:1: nicolae_vaults_ninety_degrees, v_misc_25, v_misc_30,
          ontoclasm_vaults_claustrophobia, v_misc_13,
          nicolae_vaults_network_periphery, hangedman_vaults_trim,
          hangedman_vaults_nails, v_misc_26, layout_vaults_big_room
Vaults:2: minmay_crypt_entry_simple_round, st_cross, vaults_standard_mumra_x,
          v_misc_5, v_pattern_1, v_misc_4, v_misc_14,
          nicolae_vaults_angled_halls, layout_vaults_omnigrid, serial_shops,
          shop, shop, nicolae_shop_competitors_out_of_business
Vaults:3: portal_desolation_entry_twin_temple, nicolae_vaults_ring_of_whatevers,
          vaults_room_guarded_vault, ontoclasm_vaults_pinch,
          nicolae_vaults_border_crossing, v_misc_1, v_misc_10,
          ontoclasm_vaults_misaligned, ontoclasm_vaults_fault,
          vaults_mumra_hexcomb, hangedman_vaults_trim, nicolae_vaults_rhombus_7,
          hangedman_vaults_capsules, nicolae_vaults_little_squares_1,
          layout_vaults_ring, uniq_zenata
Vaults:4: nicolae_vaults_quartermaster, vaults_room_door_ring, v_misc_10,
          nicolae_vaults_little_ls, grunt_vaults_diagonal,
          grunt_vaults_hallway_long, vaults_standard_mumra_enter_the_diamond,
          v_misc_12, nicolae_vaults_circle_grid_a, grunt_vaults_hallway_long,
          ontoclasm_vaults_twist, layout_vaults_big_cross, uniq_margery
Vaults:5
Depths:1: layout_cave_shapes, hangedman_abyss_or_decor_lesser_grid,
          nicolae_hell_entry_hellmouth_sunbeams, abyss_entry,
          minmay_pinched_square
Depths:2: grunt_forest_end_winery, layout_long_grid, abyss_entry_crystal,
          ebering_ghost_xom, nicolae_elevator_lobby_asterisk,
          pf_dread_powers_of_hell, rand_demon_pan_entry_4, mu_enter_wizlab_2,
          minmay_misc_feat_hallway, evilmike_ambush
          [evilmike_ambush_outer_corners, evilmike_ambush_inner_basic],
          minmay_staircase_windowed_large, uniq_asterion
Depths:3: kennysheep_green_arena, layout_gridlike, enter_ziggurat_d,
          corexii_corridor_pit, abyss_entry, hell_entry,
          infiniplex_staircase_zigzag_1
Depths:4: grunt_crosshair, layout_cave_pools, kiku_gazebo_pond_becter,
          hangedman_coc_ice_floe, tgw_trog
Zot:1:    dreamdust_zin_vs_xom, layout_twisted_circle, gammafunk_ghost_grave,
          hangedman_zot_decor_checkerboard, uniq_parghit
Zot:2:    lemuel_draconian_sentries, layout_misc_corridors
Zot:3:    gammafunk_mikee_crab_dinner, layout_misc_corridors
Zot:4:    layout_onion_interference
Zot:5:    layout_cellular_growth, gammafunk_ghost_split
Pan:      evilmike_mnoleg_eyes, layout_irregular_city, pan_blood_fountain_small,
          rand_demon_3, layout_grid_shapes, nicolae_pan_mnolegish_3,
          evilmike_mini_pan_doors_b, layout_gridlike, pan_blood_fountain_small,
          rand_demon_1, layout_irregular_city, evilmike_mini_pan_possible_glass,
          layout_cellular_growth, nicolae_pan_mnolegish_2

Skill      XL: |  1  2  3  4  5  6  7  8  9 10 11 12 13 14 15 16 17 18 19 20 21 22 23 24 25 26 27 |
---------------+----------------------------------------------------------------------------------+-----
Conjurations   | 2 3 4 5 6 8 10 12 13 14 15 17 18 19 20 21 22 23 24 | 24.0
Air Magic      | 5 6 7 9 10 12 14 16 17 18 20 21 22 23 24 | 24.0
Spellcasting   | 3 4 5 6 7 8 9 10 11 12 13 14 15 16 17 24 | 24.0
Fighting       | 1 4 5 7 8 9 10 11 13 14 15 16 17 20 | 20.0
Armour         | 2 4 5 8 12 14 16 17 18 20 | 20.0
Dodging        | 3 5 7 9 10 11 12 13 14 15 18 | 18.0
Shields        | 3 5 6 9 11 12 13 14 15 | 15.0
Translocations | 2 3 |  3.0
Evocations     | 2 5 6 7 9 10 11 12 13 14 | 14.0
Staves         | 5 8 10 11 12 | 12.0
Necromancy     | 8 |  8.0
Transmutations | 6 |  6.1
Stealth        | |  2.0

Action                   |  1- 3 |  4- 6 |  7- 9 | 10-12 | 13-15 | 16-18 | 19-21 | 22-24 | 25-27 || total
-------------------------+-------+-------+-------+-------+-------+-------+-------+-------+-------++-------
Melee: Whip              |     7 |       |       |       |       |       |       |       |       ||     7
       Kick              |     1 |     3 |    13 |     6 |    42 |    16 |     7 |    75 |    81 ||   244
       Short sword       |     2 |    10 |    42 |       |       |       |       |       |       ||    54
       Dagger            |     1 |       |       |       |       |       |       |       |       ||     1
       Peck              |       |     1 |     5 |     4 |    18 |     8 |     5 |    55 |    47 ||   143
       Staff             |       |       |       |    19 |   100 |    32 |    18 |   135 |   137 ||   441
       Punch             |       |       |       |     1 |       |       |       |       |       ||     1
 Fire: Sling             |     8 |       |       |       |       |       |       |       |       ||     8
Throw: Throwing net      |       |       |       |     1 |       |       |       |       |       ||     1
       Dart              |       |       |       |       |     6 |       |       |       |       ||     6
 Cast: Shock             |    61 |   135 |   256 |   123 |    90 |     3 |       |       |       ||   668
       Static Discharge  |     2 |     2 |    15 |    12 |     2 |       |       |       |       ||    33
       Airstrike         |       |       |    10 |   125 |   267 |    90 |    18 |    23 |   140 ||   673
       Arcjolt           |       |       |       |    58 |   152 |    58 |   120 |    21 |     2 ||   411
       Lightning Bolt    |       |       |       |     8 |    82 |   263 |   511 |   532 |   313 ||  1709
       Stone Arrow       |       |       |       |     1 |     7 |    13 |     7 |     2 |    21 ||    51
       Blink             |       |       |       |       |     1 |       |       |       |     1 ||     2
       Iskenderun's Batt |       |       |       |       |       |    16 |    34 |     3 |    24 ||    77
       Chain Lightning   |       |       |       |       |       |       |    13 |   139 |   564 ||   716
       Irradiate         |       |       |       |       |       |       |     4 |       |     1 ||     5
       Sublimation of Bl |       |       |       |       |       |       |       |       |     4 ||     4
       Swiftness         |       |       |       |       |       |       |       |       |     1 ||     1
       Maxwell's Capacit |       |       |       |       |       |       |       |       |    18 ||    18
Evoke: Wand              |       |       |     1 |       |     2 |     2 |     2 |       |     1 ||     8
       Tin of tremorston |       |       |       |       |     1 |       |       |     1 |       ||     2
       Phial of floods   |       |       |       |       |       |     1 |     1 |     1 |       ||     3
       Lightning rod     |       |       |       |       |       |     4 |       |       |       ||     4
       Condenser vane    |       |       |       |       |       |       |       |     1 |       ||     1
       Box of beasts     |       |       |       |       |       |       |       |       |     5 ||     5
  Use: Scroll            |       |       |    10 |    10 |    10 |     4 |     4 |     3 |     4 ||    45
       Potion            |       |       |       |       |       |     1 |     6 |       |     8 ||    15
 Stab: Sleeping          |       |     1 |       |       |       |       |       |       |       ||     1
       Distracted        |       |       |       |       |     2 |       |       |     1 |     1 ||     4
       Confused          |       |       |       |       |       |       |       |       |     1 ||     1
Armor: Robe              |     7 |     4 |    17 |    15 |     8 |     3 |    27 |    11 |       ||    92
       Acid dragon scale |       |       |       |     6 |       |       |       |       |       ||     6
       Troll leather arm |       |       |       |     2 |    67 |    59 |       |       |       ||   128
       Ring mail         |       |       |       |       |       |       |    33 |     8 |       ||    41
       Pearl dragon scal |       |       |       |       |       |       |       |    29 |    91 ||   120
Dodge: Dodged            |    24 |    15 |    54 |   137 |   287 |   117 |   205 |   133 |   138 ||  1110
       Repelled          |       |       |       |       |       |       |    12 |     8 |    14 ||    34
Block: Buckler           |       |       |       |       |    95 |    11 |       |       |       ||   106
       Kite shield       |       |       |       |       |       |    76 |   180 |   143 |   203 ||   602

Table legend: (Time is in decaauts)
 A = Elapsed time spent in this place.
 B = Non-inter-level travel time spent in this place.
 C = Inter-level travel time spent in this place.
 D = Time resting spent in this place.
 E = Time spent auto-exploring this place.
 F = Levels seen in this place.
 G = Mean time per level.
                   A        B        C        D        E       F      G
               +--------+--------+--------+--------+--------+-----+--------+
         Total |  81229 |  74023 |   7206 |  25928 |  35648 |  66 | 1230.7 |
       Dungeon |  21836 |  18576 |   3260 |   5569 |  10569 |  15 | 1455.7 |
        Temple |     62 |     43 |     19 |      0 |     25 |   1 |   62.0 |
          Lair |   9841 |   8900 |    941 |   3271 |   4167 |   5 | 1968.2 |
        Shoals |   4611 |   4268 |    343 |   1480 |   2149 |   4 | 1152.8 |
     Snake Pit |   6104 |   5716 |    388 |   1895 |   2824 |   4 | 1526.0 |
    Slime Pits |   2280 |   2123 |    157 |    764 |   1002 |   5 |  456.0 |
  Orcish Mines |   2237 |   2080 |    157 |    975 |    784 |   2 | 1118.5 |
   Elven Halls |   4442 |   4266 |    176 |   1454 |   2047 |   3 | 1480.7 |
        Vaults |   8353 |   7699 |    654 |   1741 |   4672 |   5 | 1670.6 |
        Depths |   6379 |   5594 |    785 |   2094 |   2579 |   4 | 1594.8 |
           Zot |   9179 |   8857 |    322 |   4240 |   3331 |   5 | 1835.8 |
   Pandemonium |   2472 |   2472 |      0 |   1212 |    327 |   5 |  494.4 |
        Bazaar |    150 |    150 |      0 |      0 |    121 |   2 |   75.0 |
         Trove |     96 |     96 |      0 |      0 |     68 |   1 |   96.0 |
         Sewer |    520 |    520 |      0 |    130 |    290 |   1 |  520.0 |
       Ossuary |    324 |    324 |      0 |    103 |    109 |   1 |  324.0 |
      Ice Cave |    931 |    931 |      0 |    577 |    130 |   1 |  931.0 |
        Wizlab |    355 |    355 |      0 |     40 |     67 |   1 |  355.0 |
    Desolation |   1051 |   1051 |      0 |    376 |    380 |   1 | 1051.0 |
               +--------+--------+--------+--------+--------+-----+--------+

Top non-repeatable levels by time:
    D:11: 3463 daAuts
  Lair:5: 3336 daAuts
    D:12: 3194 daAuts
   Zot:3: 2405 daAuts
   Zot:2: 2393 daAuts
Vaults:4: 2342 daAuts
   Elf:3: 2298 daAuts
  Lair:3: 2089 daAuts
   Zot:5: 2077 daAuts
Depths:3: 1981 daAuts
 Snake:1: 1931 daAuts
Depths:2: 1822 daAuts
Vaults:2: 1808 daAuts
   Zot:1: 1803 daAuts
 Snake:4: 1779 daAuts
